 Dungeon Crawl Stone Soup version 0.28.0-43-g3370ac3207 (webtiles) character file.

Game seed: 4976239241966273625

228 Ablot the Grasshopper (level 6, -5/50 HPs)
             Began as a Gnoll Warper on Mar 19, 2022.
             Slain by Blork the orc
             ... wielding a +1 long sword of electrocution
              (13 damage)
             ... on level 4 of the Dungeon.
             The game lasted 00:04:54 (4293 turns).

Ablot the Grasshopper (Gnoll Warper)                Turns: 4293, Time: 00:04:54

Health: -5/50      AC:  5    Str: 13    XL:     6   Next: 2%
Magic:  13/13      EV: 13    Int: 15    God:
Gold:   221        SH:  0    Dex: 11    Spells: 13/15 levels left

rFire   . . .      SeeInvis .   a - +0 spear (flame)
rCold   . . .      Faith    .   (no shield)
rNeg    . . .      Spirit   .   b - +0 leather armour
rPois   .          Reflect  .   x - +0 helmet {Int+3}
rElec   .          Harm     .   (no cloak)
rCorr   .          Rampage  .   (no gloves)
Will    .....                   h - +0 pair of boots
Stlth   +.........              (no amulet)
HPRegen 0.16/turn               z - ring of wizardry
MPRegen 0.13/turn               (no ring)

@: no status effects
A: fangs 1, strong nose, distributed training
a: no special abilities


You were on level 4 of the Dungeon.
You visited 1 branch of the dungeon, and saw 4 of its levels.

You collected 221 gold pieces.

Inventory:

Hand Weapons
 a - a +0 spear of flaming (weapon)
Missiles
 d - 5 boomerangs of dispersal
 g - 69 stones
 n - 17 sling bullets
 p - 40 arrows
 r - 2 poisoned darts
 t - 2 silver boomerangs (quivered)
Armour
 b - a +0 leather armour (worn)
 h - a +0 pair of boots (worn)
 q - a +0 hat of see invisible
 x - a +0 helmet of intelligence (worn)
 y - an orb of energy
Jewellery
 z - a ring of wizardry (left hand)
Scrolls
 c - a scroll of blinking
 e - 6 scrolls of identify {unknown}
 f - a scroll of enchant armour {unknown}
 m - 3 scrolls of fear {unknown}
 o - a scroll of vulnerability {unknown}
 s - a scroll of teleportation {unknown}
 u - a scroll of noise {unknown}
 v - a scroll of immolation {unknown}
 A - a scroll of amnesia {unknown}
 B - a scroll of torment {unknown}
 C - a scroll of fog {unknown}
Potions
 i - 4 potions of mutation {unknown}
 j - a potion of heal wounds {unknown}
 k - a potion of haste {unknown}
 l - 2 potions of curing {unknown}
 w - a potion of flight {unknown}


   Skills:
 + Level 4.9 Fighting
 + Level 1.7 Short Blades
 + Level 1.7 Long Blades
 + Level 1.7 Axes
 + Level 1.7 Maces & Flails
 + Level 4.9 Polearms
 + Level 1.7 Staves
 + Level 1.7 Slings
 + Level 1.7 Bows
 + Level 1.7 Crossbows
 + Level 3.1 Throwing
 + Level 3.1 Armour
 + Level 4.9 Dodging
 + Level 1.7 Stealth
 + Level 1.7 Shields
 + Level 1.7 Unarmed Combat
 + Level 5.3 Spellcasting
 + Level 1.3 Conjurations
 + Level 1.3 Hexes
 + Level 1.3 Summonings
 + Level 1.3 Necromancy
 + Level 5.6 Translocations
 + Level 1.3 Transmutations
 + Level 1.3 Fire Magic
 + Level 1.3 Ice Magic
 + Level 1.3 Air Magic
 + Level 1.3 Earth Magic
 + Level 1.3 Poison Magic
 + Level 2.0 Invocations
 + Level 1.7 Evocations


You had 13 spell levels left.
You knew the following spells:

 Your Spells              Type           Power      Damage    Failure   Level
a - Blink                 Tloc           40%        N/A       1%          2

Your spell library contained the following spells:

 Spells                   Type           Power      Damage    Failure   Level
 Gell's Gravitas          Tloc           20%        N/A       2%          3
 Lesser Beckoning         Tloc           20%        N/A       2%          3
 Teleport Other           Tloc           20%        N/A       2%          3
 Magic Dart               Conj           32%        1d4       4%          1
 Call Imp                 Summ           8%         N/A       7%          2
 Ignite Poison            Fire/Tmut/Pois 8%         N/A       14%         3
 Mephitic Cloud           Conj/Pois/Air  8%         N/A       14%         3
 Manifold Assault         Tloc           20%        N/A       22%         5
 Freezing Cloud           Conj/Ice/Air   4%         6-21      75%         5


Dungeon Overview and Level Annotations

Branches:
Dungeon (4/15)
 Temple: D:4-7

Altars:

Shops:
D:1 [

Annotations:
D:4 Blork the orc


Innate Abilities, Weirdness & Mutations

You have very sharp teeth.
Your uncanny sense of smell can sniff out nearby items.
Your experience applies equally to all skills.


Message History

Throw: 2 boomerangs (silver)
Press: ? - help, Q - select action, (/) - cycle Shift-Dir - straight line, f - Blork the orc
Aim: Blork the orc, wielding a +1 long sword of electrocution and wearing a +0 robe (63% to hit)
You throw a silver boomerang.
The silver boomerang barely misses the kobold.
The silver boomerang hits Blork the orc but does no damage.
Blork the orc is lightly wounded.
Blork the orc mumbles some strange words.
Blork the orc seems to speed up.
Throw: 2 boomerangs (silver)
Press: ? - help, Q - select action, (/) - cycle Shift-Dir - straight line, f/p - Blork the orc
Aim: Blork the orc, wielding a +1 long sword of electrocution and wearing a +0 robe (lightly wounded, fast, 63% to hit)
You throw a silver boomerang.
The silver boomerang hits Blork the orc.
Blork the orc is lightly wounded.
The kobold hits you but does no damage.
You completely miss the kobold. You hit the kobold. You burn the kobold.
You kill the kobold!
Blork the orc casts a spell at you. The magic dart hits you!
Throw: 2 boomerangs (silver)
Press: ? - help, Q - select action, (/) - cycle Shift-Dir - straight line, f/p - Blork the orc
Aim: Blork the orc, wielding a +1 long sword of electrocution and wearing a +0 robe (lightly wounded, fast, 63% to hit)
You throw a silver boomerang.
The silver boomerang hits Blork the orc but does no damage.
Blork the orc is lightly wounded.
Blork the orc closely misses you.
You hit Blork the orc. You burn Blork the orc.
You bite Blork the orc, but do no damage.
Blork the orc is moderately wounded.
Blork the orc points at you and mumbles some strange words.
The puff of frost hits you!
Blork the orc hits you with a +1 long sword of electrocution!
You hit Blork the orc but do no damage.
Blork the orc is moderately wounded.
Blork the orc hits you with a +1 long sword of electrocution!
* * * LOW HITPOINT WARNING * * *
You are electrocuted!
You die...

..#..≈≈.#####..
....≈≈.≈#.....#
....≈..≈..###.#
#..≈≈..≈≈≈#...###### .. .#
#..............# #.. #. )#
##≈.###.######.# ....
#.##.####≈≈##..### ##.#
.#..###.#..##...≈≈.....#
#..#
.#........≈o@....≈.....#
#.##
#..#.#.#.≈≈≈#..........# #.#
#####.##...#.####..........#
#.# ....#.##.....#
#..........# #.#
#...##.#...#
##..........###.#
#....#...###...........##..#
#...##....##...........##.##
#......<#....######.#####.#
## #..###..#....## #.# #.#


You could see Blork the orc (fast).

Vanquished Creatures
  A necrophage (D:4)
  A hound skeleton (D:4)
  3 adders
  An adder skeleton (D:4)
  2 worms (D:2)
  10 dart slugs
  2 orcs
  5 endoplasms
  2 giant cockroaches
  8 goblins
  6 hobgoblins
  7 kobolds
  2 quokkas
  11 ball pythons
  8 bats
  A rat (D:2)
70 creatures vanquished.

Notes
Turn   | Place    | Note
-------+----------+-------------------------------------------
     0 | D:1      | Ablot the Gnoll Warper began the quest for the Orb.
     0 | D:1      | Reached XP level 1. HP: 20/20 MP: 6/6
   108 | D:1      | Found Jaemi's Antique Armour Boutique.
   345 | D:1      | Reached XP level 2. HP: 26/26 MP: 7/7
   348 | D:1      | Learned a level 2 spell: Blink
   920 | D:1      | Found a faded altar of an unknown god.
  1175 | D:2      | Reached XP level 3. HP: 27/31 MP: 9/9
  1193 | D:2      | Reached skill level 5 in Spellcasting
  1397 | D:2      | Reached skill level 1 in Invocations
  1564 | D:2      | Reached skill level 1 in Short Blades
  1564 | D:2      | Reached skill level 1 in Long Blades
  1564 | D:2      | Reached skill level 1 in Axes
  1564 | D:2      | Reached skill level 1 in Maces & Flails
  1564 | D:2      | Reached skill level 1 in Staves
  1564 | D:2      | Reached skill level 1 in Slings
  1564 | D:2      | Reached skill level 1 in Bows
  1564 | D:2      | Reached skill level 1 in Crossbows
  1564 | D:2      | Reached skill level 1 in Stealth
  1564 | D:2      | Reached skill level 1 in Shields
  1564 | D:2      | Reached skill level 1 in Unarmed Combat
  1564 | D:2      | Reached skill level 1 in Evocations
  1604 | D:2      | Reached XP level 4. HP: 17/38 MP: 11/11
  2662 | D:3      | Reached skill level 1 in Conjurations
  2662 | D:3      | Reached skill level 1 in Hexes
  2662 | D:3      | Reached skill level 1 in Summonings
  2662 | D:3      | Reached skill level 1 in Necromancy
  2662 | D:3      | Reached skill level 1 in Transmutations
  2662 | D:3      | Reached skill level 1 in Fire Magic
  2662 | D:3      | Reached skill level 1 in Ice Magic
  2662 | D:3      | Reached skill level 1 in Air Magic
  2662 | D:3      | Reached skill level 1 in Earth Magic
  2662 | D:3      | Reached skill level 1 in Poison Magic
  3811 | D:4      | Noticed Blork the orc
  3811 | D:4      | Noticed an ice beast
  3958 | D:4      | Noticed a necrophage
  3971 | D:4      | Killed a necrophage
  3972 | D:4      | Reached XP level 5. HP: 22/43 MP: 12/12
  4212 | D:4      | Reached XP level 6. HP: 48/50 MP: 13/13
  4293 | D:4      | Slain by Blork the orc

Illustrated notes

Levels and vault maps discovered:
D:1:      lightli_iron_boxes, layout_loops_ring, serial_shops,
          nicolae_shop_hallway_stairs, dilly_ecumenical_altar_fadedgnrine
D:2:      layout_basic, minmay_circle_x
D:3:      kennysheep_slugbush, layout_basic, serial_forest,
          infiniplex_forest_lined_room_2, infiniplex_forest_clump_medium,
          infiniplex_forest_corner_1, infiniplex_forest_zigzag_1,
          infiniplex_forest_corner_2, infiniplex_forest_straight_2,
          infiniplex_forest_clump_small
D:4:      layout_rooms, chequers_serial_rivers_small_b, uniq_blork_the_orc

Skill      XL: |  1  2  3  4  5  6 |
---------------+-------------------+-----
Spellcasting   | 5 |  5.3
Invocations    | 1 2 |  2.0
Short Blades   | 1 |  1.7
Long Blades    | 1 |  1.7
Axes           | 1 |  1.7
Maces & Flails | 1 |  1.7
Staves         | 1 |  1.7
Slings         | 1 |  1.7
Bows           | 1 |  1.7
Crossbows      | 1 |  1.7
Stealth        | 1 |  1.7
Shields        | 1 |  1.7
Unarmed Combat | 1 |  1.7
Evocations     | 1 |  1.7
Conjurations   | 1 |  1.3
Hexes          | 1 |  1.3
Summonings     | 1 |  1.3
Necromancy     | 1 |  1.3
Transmutations | 1 |  1.3
Fire Magic     | 1 |  1.3
Ice Magic      | 1 |  1.3
Air Magic      | 1 |  1.3
Earth Magic    | 1 |  1.3
Poison Magic   | 1 |  1.3
Throwing       | 3 |  3.1
Armour         | 3 |  3.1
Fighting       | |  4.9
Polearms       | |  4.9
Dodging        | |  4.9
Translocations | |  5.6

Action                   |  1- 3 |  4- 6 || total
-------------------------+-------+-------++-------
Melee: Spear             |   145 |   126 ||   271
       Bite              |    10 |     9 ||    19
       Punch             |     3 |     3 ||     6
Throw: Boomerang         |       |     6 ||     6
 Stab: Sleeping          |       |     1 ||     1
Armor: Leather armour    |    29 |    23 ||    52
Dodge: Dodged            |    61 |    51 ||   112
